Map: Vaani Research Station (Void)

Players

Kelazhur - Winner!

  • Race: Terran Terran
  • Spawn Location: 6:00

Zanster

  • Race: Zerg Zerg
  • Spawn Location: 12:00

Event: NationWars IV

VOD

Have the link to the VOD?

Description

Time

  • Played on: Jan. 6, 2017, 11:47 a.m.
  • Length: 12:52
Show
View Real Time Build Order
Export as new Build Order

Kelazhur Terran - Winner!

Build Orders: MMM Bio 

Get SALT Encoding   

  12  0:00  SCV  
  13  0:12  SCV  
  14  0:18  Supply Depot  
  14  0:25  SCV  
  15  0:40  SCV  
  15  0:41  Barracks  
  16  0:45  Refinery  
  16  0:52  SCV  
  17  1:00  Barracks  
  17  1:04  SCV  
  18  1:16  SCV  
  19  1:21  Barracks  
  19  1:28  Reaper  
  19  1:32  Refinery  
  20  1:43  Orbital Command  
  20  1:48  Reaper  
  21  1:57  Supply Depot  
  21  2:00  Reaper  
  23  2:08  Reaper  
  23  2:18  SCV  
  23  2:20  Reaper  
  25  2:24  Supply Depot  
  25  2:30  SCV  
  25  2:33  Reaper  
  27  2:40  Reaper  
  27  2:42  SCV  
  29  2:55  SCV, Reaper  
  31  3:05  Reaper  
  31  3:07  SCV  
  31  3:12  Reaper  
  31  3:27  SCV, Reaper  
  32  3:34  Command Center  
  32  3:37  Reaper  
  32  3:39  SCV  
  34  3:44  Reaper  
  35  3:48  Supply Depot  
  35  3:52  SCV  
  36  3:59  Reaper  
  34  4:15  SCV, Reaper  
  34  4:16  Reaper  
  37  4:26  Command Center  
  37  4:31  Reaper  
  38  4:36  SCV  
  39  4:47  Orbital Command  
  39  4:49  Barracks Tech Lab  
  39  4:50  Barracks Reactor  
  39  4:53  SCV  
  39  5:12  Barracks Reactor  
  39  5:13  Marine, Stimpack  
  41  5:14  SCV  
  41  5:15  SCV  
  41  5:19  Factory, Refinery  
  41  5:20  Refinery, Engineering Bay  
  42  5:21  Engineering Bay  
  42  5:26  SCV  
  42  5:27  SCV  
  42  5:28  Marine x2  
  46  5:31  Marine  
  47  5:38  SCV  
  47  5:39  Orbital Command, SCV  
  49  5:45  Marine  
  49  5:47  Terran Infantry Weapons Level 1, Terran Infantry Armor Level 1  
  50  5:50  Marine x2, SCV  
  50  5:51  SCV  
  50  5:52  Marine  
  50  5:53  Marine  
  56  6:02  SCV  
  56  6:03  Starport, SCV  
  58  6:04  Factory Reactor  
  58  6:06  SCV  
  58  6:07  Marine  
  58  6:08  Marine  
  61  6:13  Marine  
  61  6:14  SCV  
  63  6:18  Marine  
  63  6:20  SCV  
  63  6:22  SCV  
  63  6:23  Marine  
  63  6:24  Marine  
  68  6:28  Marine  
  68  6:29  SCV  
  68  6:31  Marine  
  68  6:32  SCV  
  63  6:36  Armory  
  63  6:38  Marine  
  65  6:42  Marauder, Marine  
  67  6:47  Medivac x2  
  67  6:48  Factory Reactor  
  67  6:49  Marine  
  67  6:50  Supply Depot  
  67  6:52  Marine  
  67  6:53  SCV  
  74  6:54  SCV  
  74  6:55  Orbital Command  
  74  6:56  Marine  
  76  7:05  Supply Depot, SCV  
  77  7:11  Marine x2, SCV  
  77  7:15  Supply Depot  
  80  7:17  Medivac x2, SCV  
  85  7:25  Supply Depot  
  85  7:26  Marine x3, SCV x2  
  90  7:30  Supply Depot  
  90  7:33  Combat Shields  
  90  7:34  Marine  
  90  7:35  SCV  
  90  7:36  Supply Depot  
  92  7:40  SCV  
  92  7:41  Widow Mine x2  
  98  7:44  SCV  
  98  7:45  Marine x3  
  98  7:47  Marine  
  102  7:55  Supply Depot, SCV  
  102  7:57  SCV x2  
  105  8:00  Supply Depot  
  105  8:05  Barracks, Marine  
  105  8:06  Barracks, Marine  
  105  8:07  SCV  
  105  8:09  Marine x2  
  105  8:11  Marauder  
  112  8:13  SCV  
  112  8:14  SCV  
  112  8:16  Widow Mine  
  116  8:21  Terran Infantry Armor Level 2  
  116  8:24  Terran Infantry Weapons Level 2  
  116  8:26  Marine  
  117  8:29  Marine x3  
  120  8:39  Marauder  
  120  8:40  Widow Mine  
  120  8:41  Medivac x2  
  125  8:44  Marine  
  125  8:47  Supply Depot  
  128  8:48  Supply Depot  
  128  8:53  Marine  
  128  8:54  Marine x2  
  128  8:55  Barracks Reactor  
  132  8:56  Barracks Reactor  
  132  8:59  Widow Mine  
  133  9:07  Marine  
  133  9:08  Marauder, Widow Mine  
  133  9:09  Barracks  
  138  9:10  Marine  
  138  9:11  Barracks  
  138  9:12  Barracks, Marine  
  140  9:23  Medivac  
  140  9:24  Medivac  
  144  9:27  Marine  
  144  9:28  Marine x2  
  144  9:29  Marine  
  148  9:32  Refinery  
  147  9:40  Marine  
  147  9:42  Missile Turret  
  147  9:43  Marine x4  
  147  9:44  Missile Turret  
  147  9:45  Missile Turret, Marine  
  151  9:48  Marine, Supply Depot  
  151  9:50  Supply Depot  
  151  9:52  Widow Mine x2  
  157  10:10  Marauder, Marine x3  
  157  10:11  Supply Depot  
  157  10:12  Supply Depot  
  162  10:23  Supply Depot  
  162  10:24  Marine x8  
  162  10:25  Supply Depot  
  162  10:27  Marine x2  
  172  10:33  Marauder  
  172  10:34  Command Center, Marine  
  174  10:41  Marine  
  174  10:42  Command Center, Marine x5  
  174  10:51  Widow Mine x2  
  174  10:56  Marine x2  
  174  10:57  Marine x4  
  174  10:59  Marine x2  
  172  11:10  Marine, SCV x2  
  161  11:12  Marine  
  161  11:13  Marine  
  161  11:16  Marine x4  
  163  11:19  Widow Mine  
  163  11:20  Widow Mine  
  163  11:21  Liberator  
  163  11:22  Liberator  
  165  11:36  Supply Depot  
  171  11:40  Barracks Tech Lab x3  
  171  11:41  Marine  
  171  11:42  Marine  
  171  11:44  Marine  
  173  11:53  Marine x5  
  173  11:54  Marauder  
  179  11:57  Unknown, Missile Turret  
  179  11:58  Missile Turret  
  179  12:06  Widow Mine x2  
  179  12:07  Marine  
  179  12:08  Marauder  
  184  12:09  Marine  
  184  12:11  Marine  
  184  12:15  Marine  
  184  12:17  SCV x3  
  184  12:18  Marine  
  184  12:19  Marine  
  187  12:28  Marine  
  187  12:29  SCV  
  186  12:30  Missile Turret, Marine  
  198  12:38  SCV x2  
Show
View Real Time Build Order
Export as new Build Order

Zanster Zerg 

Build Orders: Pool First, Muta Ling Bane 

Get SALT Encoding   

  12  0:01  Drone  
  13  0:13  Overlord  
  13  0:19  Drone  
  14  0:32  Drone x2  
  16  0:36  Drone  
  17  0:46  Extractor  
  17  0:48  Spawning Pool  
  15  0:51  Drone  
  16  0:57  Drone  
  17  1:09  Drone  
  18  1:21  Hatchery  
  17  1:26  Drone  
  17  1:31  Drone  
  19  1:38  Queen  
  21  1:46  Metabolic Boost  
  21  1:53  Overlord  
  21  2:02  Zergling x2  
  22  2:13  Drone x2  
  22  2:14  Queen  
  26  2:30  Zergling x2  
  26  2:35  Queen  
  29  2:42  Zergling x4  
  31  2:51  Zergling x10  
  35  3:00  Overlord  
  35  3:07  Zergling x2  
  34  3:22  Hatchery  
  34  3:26  Zergling x2  
  30  3:27  Zergling x10  
  30  3:29  Zergling x2  
  30  3:32  Zergling x2  
  35  3:43  Zergling x4  
  33  4:03  Drone x2  
  33  4:04  Zergling x8  
  34  4:11  Drone x3  
  34  4:14  Drone  
  36  4:19  Zergling x2  
  36  4:23  Queen  
  39  4:27  Zergling x2  
  40  4:34  Zergling x2  
  40  4:35  Zergling x2  
  42  4:40  Zergling x6  
  42  4:44  Zergling x2  
  42  4:45  Zergling x4  
  50  4:47  Zergling x2  
  50  4:48  Zergling x2, Overlord  
  44  5:07  Zergling x12  
  45  5:14  Zergling x2  
  45  5:15  Zergling x10  
  51  5:21  Zergling x2  
  51  5:27  Zergling x4  
  54  5:36  Zergling x4  
  54  5:41  Drone  
  54  5:42  Drone  
  58  5:43  Overlord x2  
  58  5:45  Lair  
  58  5:56  Overlord  
  58  6:02  Drone x5  
  63  6:04  Drone  
  63  6:06  Drone  
  63  6:09  Drone  
  66  6:12  Drone  
  66  6:13  Drone  
  66  6:18  Drone x3  
  69  6:21  Drone  
  69  6:23  Drone  
  71  6:27  Drone x2  
  71  6:28  Drone  
  71  6:29  Drone  
  71  6:30  Drone  
  75  6:36  Drone  
  75  6:37  Baneling Nest, Drone  
  76  6:42  Drone  
  76  6:43  Drone x3  
  76  6:44  Drone  
  76  6:45  Drone  
  82  6:52  Overlord  
  82  6:55  Extractor, Spire  
  82  6:56  Extractor, Drone  
  82  6:57  Extractor  
  82  6:59  Overlord  
  82  7:00  Drone  
  80  7:03  Drone x2  
  82  7:09  Overlord  
  82  7:15  Zergling x2  
  82  7:16  Zergling x14  
  82  7:20  Overlord  
  89  7:25  Centrifical Hooks  
  89  7:27  Drone  
  89  7:29  Drone  
  91  7:30  Drone x4  
  91  7:32  Baneling x2  
  91  7:33  Zergling x2  
  91  7:34  Zergling x2  
  91  7:35  Baneling  
  91  7:36  Baneling  
  97  7:38  Overlord  
  97  7:40  Drone x2  
  97  7:42  Baneling x2  
  99  7:46  Extractor, Drone x2  
  99  7:47  Extractor, Drone x3  
  99  7:48  Baneling x3  
  102  7:52  Overseer  
  102  7:53  Overlord  
  102  7:56  Zergling x2  
  102  7:57  Zergling x4  
  105  8:02  Zergling x4  
  105  8:03  Evolution Chamber  
  105  8:04  Evolution Chamber  
  105  8:11  Overlord  
  105  8:19  Drone x2  
  108  8:20  Drone  
  108  8:23  Zergling x16  
  110  8:27  Zergling x2  
  110  8:37  Zerg Melee Weapons Level 1, Zerg Ground Armor Level 1  
  108  8:45  Zergling x20, Hatchery  
  117  8:52  Overlord  
  117  9:01  Mutalisk  
  117  9:02  Mutalisk x5  
  126  9:04  Mutalisk  
  126  9:06  Mutalisk  
  132  9:12  Overlord  
  132  9:15  Zergling x8  
  132  9:16  Zergling x4  
  138  9:18  Baneling x9  
  138  9:22  Queen  
  136  9:34  Zergling x16  
  136  9:37  Overlord  
  143  9:47  Zergling x4  
  143  9:48  Zergling x10  
  143  9:52  Overlord  
  150  9:58  Overlord  
  150  10:05  Baneling x7  
  150  10:06  Queen  
  152  10:14  Mutalisk x5  
  152  10:20  Mutalisk x3  
  168  10:23  Zergling x12  
  168  10:25  Mutalisk  
  170  10:42  Drone x8  
  144  10:54  Mutalisk x4  
  144  10:56  Zergling x2  
  144  10:57  Zergling x6  
  122  11:11  Drone x5  
  122  11:12  Drone x2  
  122  11:15  Overseer  
  122  11:35  Zergling x6  
  122  11:36  Zergling x8  
  129  11:46  Zergling x10  
  129  11:47  Zergling x2  
  135  11:48  Hatchery  
  135  12:01  Drone  
  135  12:02  Drone x5  
  140  12:09  Hatchery  
  140  12:15  Overlord  
  137  12:20  Zergling x10  
  137  12:21  Zergling x10  
Tags
 
Add a new tag
Caveats
  • Supply blocks, unpowered buildings, or Contaminate may cause inaccurate times.
  • Supply counts are checked every 10 seconds.